 Dungeon Crawl Stone Soup version 0.29.1 (webtiles) character file.

Game seed: 3068612444221632227

26 ILmort the Sneak (level 3, 0/18 HPs)
             Began as a Vine Stalker Brigand on Sept 14, 2022.
             Slain by a jackal (1 damage)
             ... on level 1 of the Dungeon.
             The game lasted 00:01:57 (879 turns).

ILmort the Sneak (Vine Stalker Brigand)              Turns: 879, Time: 00:01:58

Health: 0/18       AC:  3    Str: 13    XL:     3   Next: 8%
Magic:  0/4        EV: 11    Int: 11    God:
Gold:   7          SH:  0    Dex: 17    Spells: 2/2 levels left

rFire   . . .      SeeInvis .   a - +2 dagger
rCold   . . .      Faith    .   (no shield)
rNeg    . . .      Spirit   +   b - +0 robe
rPois   .          Reflect  .   (no helmet)
rElec   .          Harm     .   c - +0 cloak
rCorr   .          Rampage  .   (no gloves)
Will    .....                   (no boots)
Stlth   +++.......              (no amulet)
HPRegen 0.06/turn               (no ring)
MPRegen 0.09/turn               (no ring)

@: no status effects
A: fangs 2, magic shield, antimagic bite, no potion heal 2
a: no special abilities


You were on level 1 of the Dungeon.
You visited 1 branch of the dungeon, and saw 1 of its levels.

You collected 7 gold pieces.

Inventory:

Hand Weapons
 a - a +2 dagger (weapon)
Missiles
 d - 9 poisoned darts (quivered)
 e - 3 curare-tipped darts
Armour
 b - a +0 robe (worn)
 c - a +0 cloak (worn)
Scrolls
 f - a scroll of identify {unknown}
 h - a scroll of torment {unknown}
 i - a scroll of noise {unknown}
Potions
 g - a potion of heal wounds {unknown}
 j - 2 potions of brilliance {unknown}


   Skills:
 + Level 2.1 Fighting
 * Level 2.5 Short Blades
 - Level 2.0 Throwing
 - Level 0.7 Dodging
 + Level 5.1 Stealth


You had 2 spell levels left.
You didn't know any spells.
Your spell library was empty.

Dungeon Overview and Level Annotations

Branches:
Dungeon (1/15)

Altars:


Innate Abilities, Weirdness & Mutations

You have extremely sharp teeth.
When hurt, damage is shared between your health and your magic reserves.
Your bite disrupts and absorbs the magic of your enemies.
Potions cannot restore your health.


Message History

The jackal attacks as you move away! The jackal bites you.
You hit the jackal. You bite the jackal, but do no damage.
You closely miss the jackal. You bite the jackal. You drain its power.
You feel invigorated. The jackal closely misses you. The jackal bites you.
You hit the jackal.
You kill the jackal!
The jackal bites you but does no damage.
You have reached level 3!
Your experience leads to an increase in your attributes!
Increase (S)trength, (I)ntelligence, or (D)exterity?
You feel agile. x2
You hit the jackal.
You kill the jackal!
The jackal bites you. The ball python closely misses you.
The ball python barely misses you. The jackal bites you.
* * * LOW HITPOINT WARNING * * *
The ball python bites you but does no damage.
The ball python barely misses you.
You hit the jackal. Your bite misses the jackal. The jackal bites you.
* * * LOW HITPOINT WARNING * * *
The jackal closely misses you.
The ball python bites you but does no damage.
The ball python barely misses you. The jackal closely misses you.
You hit the jackal but do no damage. You bite the jackal.
You kill the jackal!
The jackal barely misses you. The ball python bites you.
* * * LOW HITPOINT WARNING * * *
The ball python barely misses you.
You barely miss the jackal. The jackal bites you.
* * * LOW HITPOINT WARNING * * *
The ball python barely misses you. x2
You barely miss the jackal. Your bite misses the jackal.
The jackal closely misses you. The ball python closely misses you.
The ball python barely misses you.
You barely miss the jackal. You bite the jackal. You drain its power.
You feel invigorated. The jackal closely misses you.
The ball python bites you but does no damage.
The ball python barely misses you.
You barely miss the jackal. Your bite misses the jackal. The jackal bites you.
You die...

.................##....
.................#.......
.........................
).......................#
..........÷.............#
..............).........#
#######+#..............#
... #######..S.....#. ...
#.@†....... ...
####h....... ...
#.h......... ...
.......h......... ...
..#............#. ...
#...)........# ...
...............# #..
................# #
......................#


You could see a jackal and a ball python.

Vanquished Creatures
  A dart slug (D:1)
  An endoplasm (D:1)
  A giant cockroach (D:1)
  A goblin (D:1)
  2 hobgoblins (D:1)
  3 jackals (D:1)
  3 kobolds (D:1)
  2 quokkas (D:1)
  2 bats (D:1)
  3 frilled lizards (D:1)
  4 rats (D:1)
23 creatures vanquished.

Notes
Turn   | Place    | Note
-------+----------+-------------------------------------------
     0 | D:1      | ILmort the Vine Stalker Brigand began the quest for the
                  | Orb.
     0 | D:1      | Reached XP level 1. HP: 11/11 MP: 2/2
   210 | D:1      | Reached XP level 2. HP: 14/15 MP: 3/3
   259 | D:1      | Reached skill level 5 in Stealth
   873 | D:1      | Reached XP level 3. HP: 8/18 MP: 2/4
   879 | D:1      | Slain by a jackal

Illustrated notes

Levels and vault maps discovered:
D:1:      minmay_arrival_stair_chambers, layout_basic

Skill      XL: |  1  2 |
---------------+-------+-----
Short Blades   | 2 |  2.5
Stealth        | 5 |  5.1
Fighting       | 2 |  2.1
Throwing       | 2 |  2.0
Dodging        | |  0.7

Action                   || total
-------------------------++-------
Melee: Dagger            ||    65
       Bite              ||    16
       Punch             ||     1
 Stab: Sleeping          ||     3
Armor: Robe              ||    20
Dodge: Dodged            ||    49
